 Dungeon Crawl Stone Soup version 0.31-a0-157-g0643eb4156 (webtiles) character file.

Game seed: 16579311168118586793

207 qw the Chopper (level 5, -1/33 HPs)
             Began as a Gargoyle Fighter on June 12, 2023.
             Slain by a gnoll
             ... wielding a +0 spear
              (3 damage)
             ... on level 4 of the Dungeon.
             The game lasted 00:01:22 (2750 turns).

qw the Chopper (Gargoyle Fighter)                   Turns: 2750, Time: 00:01:22

Health: -1/33      AC: 10    Str: 22    XL:     5   Next: 85%
Magic:  5/5        EV:  9    Int:  8    God:
Gold:   340        SH:  4    Dex:  9    Spells: 4/4 levels left

rFire   . . .        Y - +0 war axe
rCold   . . .        c - +0 buckler
rNeg    + . .        b - +0 scale mail
rPois   inf          (no helmet)
rElec   +            (no cloak)
rCorr   .            (no gloves)
SInv    .            (no boots)
Will    .....        (no amulet) Stlth
                     (no ring)
HPRegen 0.25/turn    (no ring)
MPRegen 0.09/turn

%: no passive effects
@: no status effects
A: sickness immunity, AC +4, negative energy resistance 1, electricity
resistance, torment resistance 1, petrification resistance
a: no special abilities


You were on level 4 of the Dungeon.
You visited 1 branch of the dungeon, and saw 4 of its levels.

You collected 340 gold pieces.


Innate Abilities, Weirdness & Mutations

You are immune to sickness and miasma.
Your stone body is resilient. (AC +4)
You are immune to poison.
You resist negative energy. (rN+)
You are resistant to electric shocks. (rElec)
You are resistant to unholy torment.
You are immune to petrification.


   Skills:
 + Level 3.8 Fighting
 - Level 5.1 Axes
 - Level 3.2 Armour
 - Level 3.2 Shields


You had 4 spell levels left.
You didn't know any spells.
Your spell library was empty.

Inventory:

Hand Weapons
 g - a +0 flail
 Y - a +0 war axe (weapon)
Armour
 a - a +1 leather armour of fire resistance
 b - a +0 scale mail (worn)
 c - a +0 buckler (worn)
Scrolls
 n - a scroll of identify
Potions
 d - a potion of might
 e - a potion of experience {unknown}
 f - a potion of ambrosia {unknown}
 h - a potion of haste
 i - 2 potions of enlightenment {unknown}
 k - a potion of curing

Dungeon Overview and Level Annotations

Branches:
Dungeon (4/15)
 Temple: D:4-7

Altars:
Nemelex Xobeh

Annotations:
D:3 1 runed translucent door, Crazy Yiuf


Message History

The gnoll barely misses you.
Enter note:
Enter note:
Enter note: A gnoll comes into view. It is wielding a +0 spear.
Found a club.
The gnoll shouts!
The gnoll hits you with a +0 spear.
Things that are here:
a +0 whip; a gnoll corpse
Enter note:
Enter note:
Enter note:
Enter note:
Enter note:
Enter note:
Enter note:
Enter note:
Enter note:
Enter note:
Enter note:
Enter note: You closely miss the gnoll.
The gnoll hits you with a +0 spear.
You closely miss the gnoll. The gnoll barely misses you.
You hit the gnoll.
The gnoll is lightly wounded.
The gnoll completely misses you. You block the gnoll's attack.
The gnoll hits you but does no damage. The gnoll completely misses you.
You hit the gnoll.
The gnoll is moderately wounded.
The gnoll hits you but does no damage. The gnoll barely misses you.
You hit the gnoll but do no damage.
The gnoll is moderately wounded.
The gnoll barely misses you. The gnoll hits you with a +0 spear.
You hit the gnoll but do no damage.
The gnoll is moderately wounded.
The gnoll completely misses you. The gnoll hits you with a +0 spear.
You die...

:...................'..
...#########.#...####
#.## ###.##.## #.#
#........# #.#
#.##.###.# #.#### #.#
#.# #....# #.. #.#
####.# ##. #)# #.# #@#
#.# ........gg...# #.#
####.#..#.##)# ####.# #
..###.# .....# ##. ##
###### #. #. #.


You could see 2 gnolls.

Vanquished Creatures
  A jelly (D:4)
  A hound (D:4)
  2 gnolls (D:4)
  3 adders
  4 worms
  2 dart slugs
  An orc (D:3)
  6 ball pythons
  6 bats
  3 endoplasms
  3 giant cockroaches
  7 goblins
  7 hobgoblins
  4 jackals (D:3)
  5 kobolds
  A quokka (D:2)
  5 frilled lizards
  6 rats
67 creatures vanquished.

Notes
Turn   | Place    | Note
-------+----------+-------------------------------------------
     0 | D:1      | qw the Gargoyle Fighter began the quest for the Orb.
     0 | D:1      | Reached XP level 1. HP: 14/14 MP: 1/1
     0 | D:1      | 0 ||| qw: Version: 0.2-a-29-gc1b59c4
     0 | D:1      | 0 ||| qw: Game counter: 4135
     0 | D:1      | 0 ||| qw: Always use a shield: true
     0 | D:1      | 0 ||| qw: God list: Okawaru
     0 | D:1      | 0 ||| qw: Allow faded altars: false
     0 | D:1      | 0 ||| qw: Do Orc after D:15 true
     0 | D:1      | 0 ||| qw: Do second Lair branch before Depths: true
     0 | D:1      | 0 ||| qw: Lair rune preference: random
     0 | D:1      | 0 ||| qw: Plans: Normal, Zot:1-4, Slime:5, God:TSO, Crypt,
                  | Tomb, Abyss, Pan, Hells, Win
     0 | D:1      | 0 ||| PLANNING D:1-11
    59 | D:1      | Reached skill level 2 in Axes
   101 | D:1      | Reached XP level 2. HP: 19/19 MP: 2/2
   538 | D:1      | 538 ||| DROPPING orb of light.
   539 | D:1      | 539 ||| DROPPING ring of flight.
   540 | D:1      | 540 ||| READING scroll labelled GESHOTADGHA.
   541 | D:1      | 541 ||| READING scroll labelled SEIRYX DIBUT.
   544 | D:1      | 544 ||| READING scroll labelled GESHRA SEASY.
   545 | D:1      | 545 ||| READING scroll labelled RUXYEJ BIARPH.
   546 | D:1      | 546 ||| READING 2 scrolls labelled VAXOESMAZUPP.
   588 | D:2      | 588 ||| Stepping ~*~*~tactically~*~*~ (stealth).
   589 | D:2      | 589 ||| Stepping ~*~*~tactically~*~*~ (stealth).
   590 | D:2      | 590 ||| Stepping ~*~*~tactically~*~*~ (stealth).
   596 | D:2      | Reached skill level 3 in Axes
   615 | D:2      | Reached XP level 3. HP: 23/23 MP: 3/3
   677 | D:2      | 677 ||| Stepping ~*~*~tactically~*~*~ (stealth).
   935 | D:2      | 935 ||| FLEEEEING.
   940 | D:2      | 940 ||| FLEEEEING.
   941 | D:2      | 941 ||| STAIRDANCE
   958 | D:1      | 958 ||| READING 2 scrolls of identify.
   958 | D:1      | 958 ||| IDENTIFYING golden potion
   971 | D:2      | 971 ||| STAIRDANCE
   976 | D:1      | Reached XP level 4. HP: 21/28 MP: 4/4
  1133 | D:3      | 1133 ||| Stepping ~*~*~tactically~*~*~ (hiding).
  1285 | D:3      | Reached skill level 4 in Axes
  1346 | D:3      | Found a faded altar of an unknown god.
  1364 | D:3      | 1364 ||| DROPPING +0 club.
  1599 | D:3      | Found a sparkling altar of Nemelex Xobeh.
  1729 | D:3      | 1729 ||| DROPPING +0 whip.
  1779 | D:3      | Found a runed translucent door.
  1780 | D:3      | Noticed Crazy Yiuf
  2032 | D:3      | 2032 ||| DRINKING 2 fuming inky potions.
  2033 | D:3      | 2033 ||| READING 2 scrolls of identify.
  2033 | D:3      | 2033 ||| IDENTIFYING sapphire potion
  2034 | D:3      | 2034 ||| DROPPING potion of degeneration.
  2109 | D:4      | 2109 ||| PLANNING OSSUARY
  2243 | D:4      | Reached XP level 5. HP: 30/32 MP: 5/5
  2322 | D:4      | Reached skill level 5 in Axes
  2434 | D:4      | 2434 ||| Stepping ~*~*~tactically~*~*~ (hiding).
  2436 | D:4      | 2436 ||| Stepping ~*~*~tactically~*~*~ (hiding).
  2670 | D:4      | 2670 ||| Stepping ~*~*~tactically~*~*~ (hiding).
  2744 | D:4      | HP: 7/33 [gnoll/+0 spear (4)]
  2749 | D:4      | HP: 2/33 [gnoll/+0 spear (5)]
  2750 | D:4      | Slain by a gnoll

Levels and vault maps discovered:
D:1:      dpeg_arrival_round_b, layout_basic
D:2:      layout_rooms
D:3:      layout_loops_ring, nemelex_xobeh_ov_fountains_minmay,
          ebering_ecumenical_altar_sacrificial, corexii_leaking_fountain,
          chequers_serial_rivers_room_b, nicolae_elevator_lobby_plus,
          uniq_crazy_yiuf_cottage
D:4:      layout_loops_corners, chequers_ossuary_entry_cave,
          minmay_gold_behind_fungi

Skill      XL: |  1  2  3  4  5 |
---------------+----------------+-----
Axes           | 2 3 4 5 |  5.1
Fighting       | |  3.8
Armour         | |  3.2
Shields        | |  3.2

Action                     |  1- 3 |  4- 6 || total
---------------------------+-------+-------++-------
  Melee: War axe           |    89 |   103 ||   192
  Throw: Boomerang         |       |    25 ||    25
    Use: Scroll            |     6 |     1 ||     7
         Potion            |       |     1 ||     1
 Armour: Scale mail        |    34 |    66 ||   100
  Dodge: Dodged            |    33 |    43 ||    76
  Block: Buckler           |    14 |    16 ||    30

Table legend:
 A = Non-vault XP
 B = Vault XP
 C = Vault XP percentage of total XP
 D = Non-vault monster count
 E = Vault monster count
 F = Vault count percentage of total count
                 A         B        C        D         E       F
            +---------+---------+-------+---------+---------+-------
      Total |     296 |       0 |   0.0 |      67 |       0 |   0.0
            +---------+---------+-------+---------+---------+-------
        D:1 |      32 |       0 |   0.0 |      16 |       0 |   0.0
        D:2 |      51 |       0 |   0.0 |      19 |       0 |   0.0
        D:3 |      53 |       0 |   0.0 |      22 |       0 |   0.0
        D:4 |     160 |       0 |   0.0 |      10 |       0 |   0.0
            +---------+---------+-------+---------+---------+-------
